Map: Deathaura LE

Players

Has

  • Race: Protoss Protoss
  • League: Master
  • Spawn Location: 11:00

Trap - Winner!

  • Race: Protoss Protoss
  • Spawn Location: 5:00

Event: DreamHack SC2 Masters 2020 Summer Season Finals

VOD

Have the link to the VOD?

Description

Time

  • Played on: July 17, 2020, 11:30 a.m.
  • Length: 2:17

All games in this series

Show
View Real Time Build Order
Export as new Build Order

Has Protoss 

Build Orders:  

Get SALT Encoding   

  12  0:01  Probe  
  13  0:13  Probe  
  14  0:17  Pylon  
  14  0:25  Probe  
  15  0:35  Forge  
  15  0:38  Probe  
  16  1:04  Pylon  
  16  1:14  Pylon  
  16  1:15  Pylon  
  16  1:16  Pylon  
  16  1:17  Pylon  
  15  1:28  Photon Cannon  
  15  1:33  Pylon  
  15  1:47  Probe  
  15  1:54  Gateway  
  15  1:55  Probe  
  16  2:03  Probe  
Show
View Real Time Build Order
Export as new Build Order

Trap Protoss - Winner!

Build Orders:  

Get SALT Encoding   

  12  0:00  Probe  
  13  0:12  Probe  
  14  0:16  Pylon  
  14  0:23  Probe  
  15  0:31  Probe  
  15  0:35  Gateway  
  15  0:40  Probe  
  16  0:45  Assimilator  
  17  0:51  Probe  
  17  0:53  Assimilator  
  18  1:03  Probe  
  19  1:12  Gateway  
  19  1:14  Zealot  
  21  1:25  Cybernetics Core  
  21  1:47  Pylon  
  21  2:02  Pylon  
Tags
 
Add a new tag
Caveats
  • Supply blocks, unpowered buildings, or Contaminate may cause inaccurate times.
  • Supply counts are checked every 10 seconds.